 Dungeon Crawl Stone Soup version 0.19.0-2-gae57169 (webtiles) character file.

129372 lorenzova the Eclecticist (level 16, -16/76 HPs)
             Began as a Deep Elf Conjurer on Nov 3, 2016.
             Was the Champion of Vehumet.
             Demolished by an Executioner (17 damage)
             ... on level 4 of the Abyss.
             The game lasted 02:06:09 (41517 turns).

lorenzova the Eclecticist (Deep Elf Conjurer)      Turns: 41517, Time: 02:06:09

Health: -16/76     AC: 14    Str:  6    XL:     16   Next: 50%
Magic:  0/38       EV: 18    Int: 27    God:    Vehumet [******]
Gold:   1414       SH:  5    Dex: 15    Spells: 7 memorised, 29 levels left

rFire  . . .     SeeInvis .     L - +2 rapier of Qouh {elec, +Blink rC+}
rCold  + + .     Gourm    .     j - +3 leather armour "Koegu" {MR++}
rNeg   . . .     Faith    .     a - +0 buckler
rPois  +         Spirit   +     Q - +2 hat
rElec  .         Reflect  .     n - +0 cloak {rC+}
rCorr  .         Harm     .     z - +2 pair of gloves
MR     +++..     Rnd*Rage +     W - +1 pair of boots
Stlth  ++++...... Rnd*Tele +    V - amulet of guardian spirit
                                p - ring of wizardry
                                K - ring of poison resistance

@: studying Ice Magic, repel missiles
A: talons 1, berserk 2, low mp 1, teleportitis 2, no device heal 1, subdued
magic 1
a: Renounce Religion, Evoke Blink


You were on level 4 of the Abyss.
You worshipped Vehumet.
Vehumet was exalted by your worship.
You were not hungry.

You visited 4 branches of the dungeon, and saw 23 of its levels.
You visited the Abyss 1 time.
You also visited: Labyrinth, Sewer, Bailey and Ice Cave.

You collected 2531 gold pieces.
You spent 1117 gold pieces at shops.

Inventory:

Hand Weapons
 L - the +2 rapier of Qouh (weapon) {elec, +Blink rC+}
   (You found it on level 6 of the Dungeon)

   Occasionally, upon striking a foe, it will discharge some electrical energy
   and cause terrible harm.
   It protects you from cold.
   It lets you blink.
Armour
 a - a +0 buckler (worn)
 g - a +3 leather armour
 j - the +3 leather armour "Koegu" (worn) {MR++}
   (You found it in an ice cave)

   It affects your resistance to hostile enchantments.
 n - a +0 cloak of cold resistance (worn)
 w - a +2 cloak
 z - a +2 pair of gloves (worn)
 Q - a +2 hat (worn)
 W - a +1 pair of boots (worn)
Jewellery
 i - an uncursed ring of ice
 k - an uncursed ring of ice
 p - a ring of wizardry (right hand)
 F - an uncursed ring of protection from fire
 K - a ring of poison resistance (left hand)
 O - an uncursed ring of positive energy {unknown}
 V - an amulet of guardian spirit (around neck)
Wands
 u - a wand of teleportation (5/9)
 x - a wand of disintegration (10/24)
 Y - a wand of disintegration (7/24)
Scrolls
 b - 4 scrolls of recharging
 d - 3 scrolls of identify
 e - a scroll of enchant weapon
 f - a scroll of brand weapon
 r - 2 scrolls of remove curse
 s - 4 scrolls of fog
 y - a scroll of magic mapping
 A - 4 scrolls of blinking
 H - 2 scrolls of teleportation
 I - a scroll of enchant armour
Potions
 h - 5 potions of haste
 o - 2 potions of lignification
 t - a potion of invisibility
 v - 3 potions of magic
 B - 5 potions of heal wounds
 C - a potion of resistance
 D - 5 potions of agility
 E - 6 potions of brilliance
 G - 12 potions of curing
 M - a potion of ambrosia
 N - 2 potions of cancellation
 S - a potion of flight
Books
 l - a manual of Ice Magic
 m - a manual of Ice Magic
 J - a book of Air

   Spells                             Type                      Level
   a - Shock                          Conjuration/Air              1
   b - Swiftness                      Charms/Air                   2
   c - Repel Missiles                 Charms/Air                   2
   d - Static Discharge               Conjuration/Air              3
   e - Lightning Bolt                 Conjuration/Air              5
 P - a book of the Earth

   Spells                             Type                      Level
   a - Leda's Liquefaction            Hexes/Earth                  4
   b - Bolt of Magma                  Conjuration/Fire/Earth       5
   c - Statue Form                    Transmutation/Earth          6
   d - Iron Shot                      Conjuration/Earth            6
   e - Shatter                        Earth                        9
Comestibles
 c - 10 bread rations


   Skills:
 + Level 10.1 Dodging
 - Level 8.5 Stealth
 - Level 4.3 Shields
 * Level 20.0 Spellcasting
 * Level 17.7 Conjurations
 - Level 12.4 Charms
 - Level 8.9 Air Magic


You had 29 spell levels left.
You knew the following spells:

 Your Spells              Type           Power        Failure   Level  Hunger
a - Magic Dart            Conj           ####         0%          1    None
b - Iskenderun's Battles  Conj/Chrm      ######..     1%          5    None
c - Iskenderun's Mystic   Conj           #######.     0%          4    None
g - Swiftness             Chrm/Air       ######..     1%          2    None
h - Repel Missiles        Chrm/Air       ######       1%          2    None
l - Lightning Bolt        Conj/Air       ######....   1%          5    None
o - Orb of Destruction    Conj           #######...   1%          7    ####...


Dungeon Overview and Level Annotations

Branches:
Dungeon (14/15)            Temple (1/1) D:5            Lair (6/6) D:8
 Shoals (0/4) Lair:4       Spider (0/4) Lair:2        Slime (0/5) Lair:5
    Orc (2/2) D:11            Elf (0/3) Orc:2
 Vaults: D:13-14

Altars:
Ashenzari
Cheibriados
Dithmenos
Elyvilon
Fedhas
Gozag
Hepliaklqana
Kikubaaqudgha
Makhleb
Nemelex Xobeh
Okawaru
Qazlal
Ru
Sif Muna
Trog
Uskayaw
Vehumet
Xom
Yredelemnul
Zin
The Shining One

Shops:
D:7 !   D:13 !   Orc:2 [[}*

Annotations:
D:13 Rupert


Innate Abilities, Weirdness & Mutations

You have sharp toenails.
Your magical capacity is low. (-10% MP)
Your spells are a little easier to cast, but a little less powerful.
[You often lose your temper in combat.]
[You are sometimes teleported next to monsters.]
[Potions and wands are less effective at restoring your health.]


Message History

Unknown command.
Casting: Orb of Destruction
Confirm with . or Enter, or press ? or * to list all spells.
You don't have enough magic to cast that spell.
Casting: Orb of Destruction
Confirm with . or Enter, or press ? or * to list all spells.
You don't have enough magic to cast that spell.
The Executioner gestures.
The Executioner hits you!!
* * * LOW HITPOINT WARNING * * *
The Executioner hits you but does no damage. x2
The raiju bursts into living lightning!
The living lightning misses you.
The raiju blinks!
The Executioner closely misses you. The Executioner barely misses you.
The Executioner hits you but does no damage.
There are monsters nearby!
There are monsters nearby!
There are monsters nearby!
The Executioner hits you!
You die...

..#.. ...#.
....# #...#
.# ...§ ####
#..##.§##..h#
.....#§1..#
#....@#
#.*##§#.# #
#..### ##.#
##. . .. .#
##


You could see an Executioner, a raiju and a friendly battlesphere.

Vanquished Creatures
  A tentacled starspawn (Abyss:4)
  An orc warlord (Bailey)
  The ghost of Azzok the Warrior, a journeyman MiFi of Trog (Lair:6)
  A stone giant (Orc:2)
  2 entropy weavers
  A minotaur (Lab)
  6 hydras
  A merfolk avatar (Lair:6)
  A catoblepas (Lair:5)
  A queen ant (Lair:6)
  9 death yaks
  The ghost of murphy the Thaumaturge, a journeyman DECj of Vehumet (Lair:3)
  3 orc high priests (Orc:2)
  Nergalle (D:12)
  A wretched star (Abyss:4)
  2 sea snakes (Lair:6)
  9 skeletal warriors (D:12)
  2 glowing orange brains (Abyss:4)
  A harpy (Lair:6)
  6 hill giants
  An orange crystal statue (D:12)
  5 orc knights
  A necromancer (IceCv)
  4 orc sorcerers (Orc:2)
  An ugly thing (D:12)
  An oklob plant (Lair:3)
  An elephant (Lair:6)
  2 manticores
  2 worldbinders (Abyss:4)
  2 cyclopes
  An ice statue (IceCv)
  4 black mambas
  9 spiny frogs
  7 rime drakes
  10 freezing wraiths (IceCv)
  A hellion (Abyss:4)
  13 komodo dragons
  2 trolls
  7 polar bears
  A jumping spider (Lair:2)
  A wolf spider simulacrum (IceCv)
  6 hornets
  A queen bee (D:9)
  A two-headed ogre (D:3)
  7 blink frogs
  2 wind drakes (Lair:6)
  6 slime creatures
  A raiju (Abyss:4)
  7 hippogriffs
  11 dream sheep (Lair:5)
  A flying skull (Abyss:4)
  5 redbacks
  12 spriggans (Lair:3)
  4 wyverns
  2 vampires
  A chaos spawn (Abyss:4)
  A basilisk (Lair:3)
  36 yaks
  3 golden eyes (Abyss:4)
  2 hungry ghosts
  5 wargs
  A death yak simulacrum (IceCv)
  A large abomination (Abyss:4)
  6 soldier ants
  7 porcupines
  23 water moccasins
  2 black bears
  28 orc warriors
  10 ice beasts
  5 phantoms
  2 eyes of draining
  4 sky beasts
  25 wolves
  17 ogres
  9 centaurs
  9 crocodiles
  2 big kobolds
  14 bullfrogs
  A gnoll sergeant (D:10)
  An earth elemental (Orc:2)
  A wyvern zombie (D:10)
  A water moccasin zombie (D:11)
  A wyvern skeleton (D:13)
  4 scorpions
  3 small abominations (Abyss:4)
  An elephant simulacrum (IceCv)
  60 killer bees
  15 wights
  A howler monkey (D:10)
  4 crimson imps
  A bullfrog zombie (D:7)
  5 draconian simulacra (IceCv)
  A quasit (D:5)
  3 centaur skeletons
  7 hounds
  31 orc wizards
  Crazy Yiuf (D:3)
  19 orc priests
  6 jellies
  A bullfrog skeleton (D:4)
  7 iguanas
  Natasha (thrice) (D:2)
  26 worker ants
  A spriggan simulacrum (IceCv)
  5 troll simulacra (IceCv)
  A polar bear simulacrum (IceCv)
  2 centaur simulacra (IceCv)
  2 hound zombies
  A hound skeleton (D:4)
  2 worker ant zombies
  Robin (D:2)
  2 howler monkey skeletons
  5 gnolls (D:10)
  4 naga simulacra (IceCv)
  3 ogre simulacra (IceCv)
  22 adders
  5 river rats (Sewer)
  3 shadow imps
  24 white imps
  2 oozes
  2 worms (D:2)
  An adder skeleton (D:5)
  A dart slug (D:4)
  12 leopard geckos
  88 orcs
  9 bats
  4 giant cockroaches
  17 goblins
  13 hobgoblins
  5 jackals
  38 kobolds
  2 quokkas
  10 ball pythons
  5 frilled lizards
  2 jackal skeletons
  2 leopard gecko skeletons (D:4)
  A leopard gecko zombie (D:7)
  A quokka skeleton (D:5)
  30 rats
938 creatures vanquished.

Vanquished Creatures (others)
  2 killer bees (Lair:3)
  4 bushes
  A fulminant prism (Lair:3)
  19 fungi
  9 plants
  8 starspawn tentacles (Abyss:4)
43 creatures vanquished.

Grand Total: 981 creatures vanquished

Notes
Turn   | Place    | Note
-------+----------+-------------------------------------------
     0 | D:1      | lorenzova the Deep Elf Conjurer began the quest for the Orb.
     0 | D:1      | Reached XP level 1. HP: 10/10 MP: 6/6
   352 | D:1      | Reached XP level 2. HP: 15/15 MP: 3/8
  1079 | D:2      | Found a shadowy altar of Dithmenos.
  1146 | D:2      | Reached skill level 4 in Spellcasting
  1146 | D:2      | Reached skill level 5 in Conjurations
  1146 | D:2      | Reached XP level 3. HP: 19/19 MP: 5/10
  1208 | D:2      | Noticed Natasha
  1212 | D:2      | Killed Natasha
  1365 | D:2      | Found a shattered altar of Ashenzari.
  1390 | D:2      | Noticed Natasha
  1392 | D:2      | Killed Natasha
  1392 | D:2      | Reached XP level 4. HP: 24/24 MP: 8/12
  1419 | D:2      | Learned a level 3 spell: Dazzling Spray
  1428 | D:2      | Learned a level 4 spell: Iskenderun's Mystic Blast
  1594 | D:2      | Reached skill level 5 in Spellcasting
  1742 | D:2      | Noticed Natasha
  1746 | D:2      | Killed Natasha
  1814 | D:2      | Noticed Robin
  1841 | D:2      | Reached XP level 5. HP: 28/28 MP: 2/14
  1853 | D:2      | Killed Robin
  2110 | D:2      | You fall through a shaft!
  3046 | D:3      | Noticed a two-headed ogre
  3046 | D:3      | Reached skill level 6 in Spellcasting
  3457 | D:3      | Reached XP level 6. HP: 32/32 MP: 10/17
  3471 | D:3      | Killed a two-headed ogre
  3471 | D:3      | Reached skill level 7 in Spellcasting
  3779 | D:3      | Found a runed door.
  3862 | D:3      | Learned a level 5 spell: Iskenderun's Battlesphere
  3931 | D:3      | Noticed Crazy Yiuf
  3940 | D:3      | Killed Crazy Yiuf
  3940 | D:3      | Reached XP level 7. HP: 19/36 MP: 1/19
  4238 | D:4      | Reached skill level 1 in Charms
  4757 | D:4      | Reached skill level 8 in Spellcasting
  5853 | D:5      | Entered Level 5 of the Dungeon
  6091 | D:5      | Found a shimmering altar of Xom.
  6225 | D:5      | Reached XP level 8. HP: 41/41 MP: 17/22
  6400 | D:5      | Reached skill level 9 in Spellcasting
  6871 | D:5      | Found a staircase to the Ecumenical Temple.
  6887 | Temple   | Entered the Ecumenical Temple
  7074 | Temple   | Became a worshipper of Vehumet
  7302 | D:5      | Found an opulent altar of Gozag.
  7302 | D:5      | Found a hide-covered altar of Uskayaw.
  8155 | D:6      | Found a glowing drain.
  8187 | Sewer    | Entered a sewer
  8346 | Sewer    | Reached * piety under Vehumet
  8346 | Sewer    | Offered knowledge of Freeze by Vehumet.
  8557 | Sewer    | Reached skill level 10 in Spellcasting
  8800 | Sewer    | Offered knowledge of Flame Tongue by Vehumet.
  8839 | Sewer    | Reached ** piety under Vehumet
  8842 | Sewer    | Reached skill level 5 in Charms
  9307 | D:6      | Reached XP level 9. HP: 45/45 MP: 17/25
  9447 | D:6      | Found a glowing golden altar of the Shining One.
  9645 | D:6      | Got a transparent rapier
  9646 | D:6      | Identified the +2 rapier of Qouh {elec, +Blink rC+} (You found it on level 6 of the Dungeon)
  9842 | D:6      | Reached skill level 11 in Spellcasting
 10124 | D:6      | Reached skill level 10 in Conjurations
 10244 | D:7      | Found Baphi's Distillery.
 10249 | D:7      | Bought a potion of heal wounds for 65 gold pieces
 10608 | D:7      | Found a snail-covered altar of Cheibriados.
 10702 | D:7      | Offered knowledge of Inner Flame by Vehumet.
 11129 | D:7      | Reached *** piety under Vehumet
 11341 | D:7      | Reached skill level 12 in Spellcasting
 12153 | D:7      | Bought a potion of mutation for 32 gold pieces
 12153 | D:7      | Bought 2 potions of lignification for 78 gold pieces
 12167 | D:7      | Bought 2 potions of degeneration for 26 gold pieces
 12167 | D:7      | Bought a potion of flight for 39 gold pieces
 12292 | D:8      | Found a hazy altar of Hepliaklqana.
 12341 | D:8      | Reached XP level 10. HP: 50/50 MP: 25/28
 12561 | D:8      | Offered knowledge of Ignite Poison by Vehumet.
 12765 | D:8      | Found a staircase to the Lair.
 13620 | D:9      | Reached skill level 13 in Spellcasting
 14069 | D:9      | Reached **** piety under Vehumet
 14477 | D:9      | Offered knowledge of Lightning Bolt by Vehumet.
 14487 | D:9      | Learned a level 5 spell: Lightning Bolt
 14675 | D:9      | Found a burning altar of Makhleb.
 14751 | D:9      | Reached skill level 1 in Air Magic
 15796 | D:10     | Entered Level 10 of the Dungeon
 15811 | D:10     | Noticed a hill giant
 15818 | D:10     | Killed a hill giant
 15818 | D:10     | Reached skill level 14 in Spellcasting
 15818 | D:10     | Reached XP level 11. HP: 54/54 MP: 16/31
 15829 | D:10     | Reached ***** piety under Vehumet
 15829 | D:10     | Offered knowledge of Spellforged Servitor by Vehumet.
 16522 | D:10     | Reached skill level 10 in Charms
 18026 | Lair:1   | Entered Level 1 of the Lair of Beasts
 18677 | Lair:1   | Found a shimmering altar of Xom.
 19375 | Lair:2   | Found a hole to the Spider Nest.
 19579 | Lair:2   | Reached skill level 5 in Air Magic
 20241 | Lair:3   | Noticed murphy's ghost (journeyman DECj)
 20333 | Lair:3   | Offered knowledge of Orb of Destruction by Vehumet.
 20342 | Lair:3   | Learned a level 7 spell: Orb of Destruction
 20370 | Lair:3   | Reached XP level 12. HP: 54/59 MP: 26/32
 20373 | Lair:3   | Reached skill level 15 in Spellcasting
 20978 | Lair:3   | Killed murphy's ghost
 22424 | Lair:4   | Found a staircase to the Shoals.
 22568 | Lair:4   | Offered knowledge of Irradiate by Vehumet.
 22944 | Lair:4   | Reached skill level 16 in Spellcasting
 23027 | Lair:4   | Noticed a death yak
 23032 | Lair:4   | Noticed a death yak
 23040 | Lair:4   | Noticed a death yak
 23041 | Lair:4   | Killed a death yak
 23041 | Lair:4   | Killed a death yak
 23043 | Lair:4   | Killed a death yak
 23768 | Lair:5   | Reached XP level 13. HP: 63/63 MP: 29/35
 23898 | Lair:5   | Found a labyrinth entrance.
 23909 | Lab      | Entered a labyrinth
 25255 | Lab      | Noticed a minotaur
 25264 | Lab      | Killed a minotaur
 25462 | Lab      | Identified a +4 rod of shadows (12/12) (You found it in a labyrinth)
 25469 | Lab      | Got an iridescent lajatang
 25471 | Lab      | Identified the +7 lajatang "Worm's Wrath" {pain, MR+ Stlth+} (You found it in a labyrinth)
 25891 | Lair:5   | Found a staircase to the Slime Pits.
 26702 | Lair:5   | Reached skill level 5 in Dodging
 26753 | Lair:5   | Reached skill level 15 in Conjurations
 26821 | Lair:5   | Reached skill level 17 in Spellcasting
 27252 | Lair:5   | Reached skill level 5 in Stealth
 27524 | Lair:6   | Entered Level 6 of the Lair of Beasts
 27656 | Lair:6   | Noticed Azzok's ghost (journeyman MiFi)
 28121 | Lair:6   | Noticed an entropy weaver
 28125 | Lair:6   | Killed an entropy weaver
 28127 | Lair:6   | Noticed an entropy weaver
 28798 | D:11     | Found a staircase to the Orcish Mines.
 28811 | D:11     | Got a warped leather armour
 28822 | D:11     | Identified the cursed +0 leather armour "Rohishrutt" {rPois MR+++ Str-5 Dex+4} (You found it on level 11 of the Dungeon)
 28822 | D:11     | Lost strength.
 28899 | D:11     | Found a flagged portal.
 28926 | Bailey   | Entered a bailey
 28932 | Bailey   | Noticed an orc warlord
 28976 | Bailey   | Offered knowledge of Bolt of Draining by Vehumet.
 29092 | Bailey   | Found a runed gate.
 29094 | Bailey   | Found a runed gate.
 29095 | Bailey   | Found a runed gate.
 29291 | Bailey   | Killed an orc warlord
 29291 | Bailey   | Reached XP level 14. HP: 68/68 MP: 14/37
 30197 | D:12     | Noticed Nergalle
 30485 | D:12     | Killed Nergalle
 31044 | D:12     | Reached skill level 18 in Spellcasting
 32520 | Orc:1    | Entered Level 1 of the Orcish Mines
 32599 | Orc:2    | Entered Level 2 of the Orcish Mines
 32600 | Orc:2    | Found a staircase to the Elven Halls.
 32681 | Orc:2    | Noticed a stone giant
 32684 | Orc:2    | Killed a stone giant
 33004 | Orc:2    | Offered knowledge of Ozocubu's Refrigeration by Vehumet.
 33841 | Orc:2    | Found Viliseat's General Store.
 33844 | Orc:2    | Found Xodallayk's Gadget Shoppe.
 33849 | Orc:2    | Bought a scroll of identify for 26 gold pieces
 33849 | Orc:2    | Bought a scroll of identify for 26 gold pieces
 33850 | Orc:2    | Gained mutation: Armour fits poorly on your strangely shaped body. [potion of mutation]
 33850 | Orc:2    | Gained mutation: Your magical capacity is low. (-10% MP) [potion of mutation]
 33850 | Orc:2    | Gained mutation: Your muscles are strong. (Str +2) [potion of mutation]
 33851 | Orc:2    | Lost mutation: Your muscles are strong. (Str +2) [potion of cure mutation]
 33851 | Orc:2    | Lost mutation: Your magical capacity is low. (-10% MP) [potion of cure mutation]
 33851 | Orc:2    | Lost mutation: Armour fits poorly on your strangely shaped body. [potion of cure mutation]
 33852 | Orc:2    | Gained mutation: You have sharp toenails. [potion of mutation]
 33852 | Orc:2    | Gained mutation: Your magical capacity is low. (-10% MP) [potion of mutation]
 33852 | Orc:2    | Gained mutation: Your body sometimes deteriorates upon taking damage. [potion of mutation]
 33853 | Orc:2    | Lost mutation: Your body sometimes deteriorates upon taking damage. [potion of cure mutation]
 33856 | Orc:2    | Found Suynk's Antique Armour Shoppe.
 33866 | Orc:2    | Found Kazxirr's Armour Boutique.
 35142 | Orc:2    | Bought a pair of embroidered gloves for 346 gold pieces
 35173 | Orc:2    | Bought a runed cloak for 346 gold pieces
 35209 | Orc:2    | Bought a scroll of magic mapping for 45 gold pieces
 35577 | Lair:1   | Reached XP level 15. HP: 72/72 MP: 36/36
 35744 | Lair:1   | Gained mutation: Your muscles are strong. (Str +2) [potion of beneficial mutation]
 36676 | Lair:6   | Reached skill level 19 in Spellcasting
 36851 | Lair:6   | Reached XP level 16. HP: 52/76 MP: 12/37
 37143 | Lair:6   | Reached ****** piety under Vehumet
 37152 | Lair:6   | Offered knowledge of Iron Shot by Vehumet.
 37503 | Lair:6   | Killed Azzok's ghost
 38254 | Lair:4   | Got a faintly glowing chain mail
 38265 | Lair:4   | Identified the +5 chain mail "Bulaody" {Int+6} (You found it on level 4 of the Lair of Beasts)
 38653 | D:13     | Found a frozen archway.
 38673 | IceCv    | Entered an ice cave
 39115 | IceCv    | Got a jade-encrusted leather armour
 39126 | IceCv    | Identified the +3 leather armour "Koegu" {MR++} (You found it in an ice cave)
 39140 | IceCv    | Found an ancient bone altar of Kikubaaqudgha.
 39875 | D:13     | Found a hazy altar of Hepliaklqana.
 40026 | D:13     | Offered knowledge of Poisonous Cloud by Vehumet.
 40306 | D:13     | Found Doatuyfi's Distillery.
 40309 | D:13     | Bought a potion of invisibility for 88 gold pieces
 40538 | D:13     | Learned a level 2 spell: Repel Missiles
 40541 | D:13     | Learned a level 2 spell: Swiftness
 40873 | D:14     | Noticed Rupert
 40891 | D:13     | Cast into level 4 of the Abyss (Rupert)
 40996 | Abyss:4  | Found a corrupted altar of Lugonu.
 41219 | Abyss:4  | Found a corrupted altar of Lugonu.
 41239 | Abyss:4  | Noticed a tentacled starspawn
 41255 | Abyss:4  | Killed a tentacled starspawn
 41255 | Abyss:4  | Reached skill level 10 in Dodging
 41261 | Abyss:4  | Reached skill level 20 in Spellcasting
 41352 | Abyss:4  | Noticed a tentacled starspawn
 41428 | Abyss:4  | Gained mutation: Your spells are a little easier to cast, but a little less powerful. [a cacodemon]
 41430 | Abyss:4  | Lost mutation: Your muscles are strong. (Str +2) [a cacodemon]
 41433 | Abyss:4  | Noticed a lich
 41512 | Abyss:4  | Noticed an Executioner
 41516 | Abyss:4  | HP: 1/76 [Executioner (18)]
 41517 | Abyss:4  | Demolished by an Executioner

Skill      XL: |  1  2  3  4  5  6  7  8  9 10 11 12 13 14 15 16 |
---------------+-------------------------------------------------+-----
Spellcasting   | 4 5 6 7 8 10 12 14 16 17 18 19 20 | 20.0
Conjurations   | 5 6 7 8 9 11 12 13 14 15 16 17 | 17.7
Charms         | 3 5 7 9 11 12 | 12.4
Air Magic      | 2 5 8 |  8.9
Dodging        | 3 6 8 10 | 10.1
Stealth        | 3 6 8 |  8.5
Shields        | 4 |  4.3

Action                   |  1- 3 |  4- 6 |  7- 9 | 10-12 | 13-15 | 16-18 || total
-------------------------+-------+-------+-------+-------+-------+-------++-------
Melee: Spear             |       |     1 |       |       |       |       ||     1
       Quarterstaff      |       |       |     8 |       |       |       ||     8
       Rapier            |       |       |     6 |    28 |    13 |    20 ||    67
       Lajatang          |       |       |       |       |     1 |       ||     1
 Cast: Magic Dart        |    36 |   129 |   345 |   455 |   488 |   261 ||  1714
       Iskenderun's Myst |       |     9 |    21 |    58 |   145 |    53 ||   286
       Iskenderun's Batt |       |       |    36 |   112 |   121 |    53 ||   322
       Lightning Bolt    |       |       |       |    17 |    28 |     7 ||    52
       Orb of Destructio |       |       |       |     3 |     9 |     8 ||    20
       Repel Missiles    |       |       |       |       |       |     1 ||     1
 Abil: Evoke Blink       |       |       |       |       |     8 |     3 ||    11
Evoke: Wand              |       |       |       |       |     3 |     3 ||     6
  Use: Scroll            |       |     2 |     8 |     8 |    18 |     6 ||    42
       Potion            |       |       |       |     2 |     7 |     2 ||    11
 Stab: Sleeping          |       |       |     1 |       |       |     1 ||     2
  Eat: Chunk             |     1 |     9 |    27 |    24 |    19 |     5 ||    85
       Pizza             |       |       |     1 |     2 |       |       ||     3
       Meat ration       |       |       |     1 |     1 |     1 |     1 ||     4
       Fruit             |       |       |       |     5 |     5 |    11 ||    21
       Beef jerky        |       |       |       |     3 |       |       ||     3
       Bread ration      |       |       |       |       |     3 |       ||     3
Armor: Robe              |       |     4 |    18 |    57 |       |       ||    79
       Leather armour    |       |       |       |     7 |    36 |    46 ||    89
Dodge: Dodged            |     2 |    10 |    34 |   125 |    86 |    77 ||   334
       Deflected         |       |       |       |       |       |     2 ||     2
Block: Buckler           |       |       |       |       |     8 |    17 ||    25
